 Dungeon Crawl Stone Soup version 0.24-a0-230-g536ed4e (webtiles) character file.

Game seed: 1639322557537714965

0 MatthieuS the Caller (level 1, -1/14 HPs)
             Began as a Hill Orc Summoner on Apr 2, 2019.
             Slain by a leopard gecko (2 damage)
             ... on level 1 of the Dungeon.
             The game lasted 00:00:28 (86 turns).

MatthieuS the Caller (Hill Orc Summoner)              Turns: 86, Time: 00:00:29

Health: -1/14      AC:  2    Str: 10    XL:     1   Next: 10%
Magic:  1/3        EV: 12    Int: 15    God:
Gold:   0          SH:  0    Dex: 11    Spells: 2/3 levels left

rFire    . . .     SeeInvis .   (no weapon)
rCold    . . .     Gourm    .   (no shield)
rNeg     . . .     Faith    .   a - +0 robe
rPois    .         Spirit   .   (no helmet)
rElec    .         Reflect  .   (no cloak)
rCorr    .         Harm     .   (no gloves)
MR       .....                  (no boots)
Stlth    ++........             (no amulet)
HPRegen  0.04/turn              (no ring)
MPRegen  0.08/turn              (no ring)

@: no status effects
A: no striking features
a: no special abilities


You were on level 1 of the Dungeon.
You were not hungry.

You visited 1 branch of the dungeon, and saw 1 of its levels.

Inventory:

Armour
 a - a +0 robe (worn)
Scrolls
 b - 2 scrolls of identify {unknown}
Comestibles
 c - a chunk of flesh
 e - a ration


   Skills:
 - Level 1.5 Dodging
 - Level 1.5 Stealth
 * Level 1.6 Spellcasting
 + Level 4.0 Summonings


You had 2 spell levels left.
You knew the following spells:

 Your Spells              Type           Power        Failure   Level  Hunger
a - Summon Small Mammal   Summ           ##..         4%          1    ##.....

Your spell library contained the following spells:

 Spells                   Type           Power        Failure   Level  Hunger
 Call Imp                 Summ           ##......     7%          2    ###....
 Call Canine Familiar     Summ           ##......     14%         3    ####...
 Summon Guardian Golem    Hex/Summ       #.......     30%         3    ####...
 Summon Ice Beast         Ice/Summ       #.......     71%         4    #####..
 Summon Lightning Spire   Summ/Air       #.......     71%         4    #####..


Dungeon Overview and Level Annotations

Branches:
Dungeon (1/15)

Altars:


Message History

You barely miss the giant cockroach.
Your rat bites the giant cockroach.
The giant cockroach bites your rat.
You hit the giant cockroach but do no damage.
Your rat closely misses the giant cockroach.
The giant cockroach bites you.
You hit the giant cockroach but do no damage.
Your rat bites the giant cockroach.
The giant cockroach closely misses you.
You hit the giant cockroach.
You kill the giant cockroach!
No target in view!
No target in view!
You see here a giant cockroach corpse.
You butcher the giant cockroach corpse.
c - a chunk of flesh Your rat disappears in a puff of smoke!
Your quokka disappears in a puff of smoke!
Found a scroll labeled ARUKKOZYCE.
b - 2 scrolls labeled ARUKKOZYCE (gained 1)
You open the door.
There is an open door here.
You open the door.
There is an open door here.
Found 4 gold pieces.
A leopard gecko comes into view.
Found a scroll labeled ARUKKOZYCE.
A leopard gecko is nearby!
The helpless leopard gecko fails to defend itself.
You hit the leopard gecko. The leopard gecko closely misses you.
The leopard gecko completely misses you.
You hit the leopard gecko but do no damage.
The leopard gecko bites you.
You hit the leopard gecko. The leopard gecko bites you.
* * * LOW HITPOINT WARNING * * *
You hit the leopard gecko. The leopard gecko barely misses you.
You miss the leopard gecko. The leopard gecko bites you.
* * * LOW HITPOINT WARNING * * *
You barely miss the leopard gecko. The leopard gecko bites you.
* * * LOW HITPOINT WARNING * * *
The leopard gecko bites you but does no damage.
You hit the leopard gecko but do no damage.
The leopard gecko closely misses you.
The leopard gecko bites you but does no damage.
The leopard gecko misses you.
A kobold comes into view. It is wielding a +0 short sword.
The leopard gecko bites your rat.
Your rat dies!
Your rat's corpse disappears in a puff of smoke!
Found a ration and 22 bolts.
The leopard gecko bites you.
You die...

%#. .....
.?. ... ..#
#$# #
#.#######.#
#.#
.......@.#
#.#####
####...lr#
#......
#.....#.#
#......
#.....#.#.#
######......
#.....#.#..
...##.##...
#.... #.####
##.##.#..≈§
###K #.#
#.......≈≈≈
#( #.#
#..###..≈≈≈
#.# #..#
##.≈≈≈


You could see a leopard gecko, a kobold (sleeping) and a friendly quokka.

Vanquished Creatures
  A giant cockroach (D:1)
1 creature vanquished.

Notes
Turn   | Place    | Note
-------+----------+-------------------------------------------
     0 | D:1      | MatthieuS the Hill Orc Summoner began the quest for the
                  | Orb.
     0 | D:1      | Reached XP level 1. HP: 14/14 MP: 3/3
    86 | D:1      | Slain by a leopard gecko

Levels and vault maps discovered:
D:1:      dpeg_arrival_pits, layout_basic

Action                   || total
-------------------------++-------
Melee: Unarmed           ||    18
 Cast: Summon Small Mamm ||     4
 Stab: Sleeping          ||     1
Armor: Robe              ||     8
Dodge: Dodged            ||    10

Table legend:
 A = Non-vault XP
 B = Vault XP
 C = Vault XP percentage of total XP
 D = Non-vault monster count
 E = Vault monster count
 F = Vault count percentage of total count
                 A         B        C        D         E       F
            +---------+---------+-------+---------+---------+-------
      Total |       1 |       0 |   0.0 |       1 |       0 |   0.0
            +---------+---------+-------+---------+---------+-------
        D:1 |       1 |       0 |   0.0 |       1 |       0 |   0.0
            +---------+---------+-------+---------+---------+-------
